 Dungeon Crawl Stone Soup version 0.18-a0-1800-gdc7a371 (webtiles) character file.

91 zxpr0jk the Chiller (level 4, -9/33 HPs)
             Began as a Draconian Ice Elementalist on Apr 25, 2016.
             Was an Initiate of Dithmenos.
             Mangled by Hyperalat's ghost (16 damage)
             ... on level 4 of the Dungeon.
             The game lasted 00:05:31 (2880 turns).

zxpr0jk the Chiller (Draconian Ice Elementalist)    Turns: 2880, Time: 00:05:31

Health: -9/33      AC: 10    Str: 15 (16) XL:     4   Next: 33%
Magic:  5/8        EV: 17    Int: 12 (15) God:    Dithmenos [......]
Gold:   216        SH:  0    Dex: 16 (18) Spells: 2 memorised, 5 levels left

rFire  + . .     SeeInvis .     q - +0 falchion (curse)
rCold  + . .     Gourm    .     (armour unavailable)
rNeg   . . .     Faith    .     (no shield)
rPois  +         Spirit   .     (helmet restricted)
rElec  +         Dismiss  .     (no cloak)
rCorr  +         Reflect  .     (no gloves)
SustAt .         Harm     .     (no boots)
MR     .....                    (no amulet)
Stlth  +++.......               m - +4 ring of strength
                                v - +2 ring of strength

@: agile, icy armour, resistant, slow, not resistant to hostile enchantments,
fairly stealthy
A: unfitting armour, cold-blooded, AC +5
a: Renounce Religion


You were on level 4 of the Dungeon.
You worshipped Dithmenos.
Dithmenos was noncommittal.
You were hungry.

You visited 1 branch of the dungeon, and saw 4 of its levels.

You collected 216 gold pieces.

Inventory:

Hand Weapons
 f - a +0 hunting sling
 h - a +0 spear
 q - a cursed +0 falchion (weapon)
 s - a +2 rapier of speed
Missiles
 e - 80 stones (quivered)
 w - 60 sling bullets
Jewellery
 l - an uncursed ring of resist corrosion
 m - a +4 ring of strength (right hand)
 v - a +2 ring of strength (left hand)
Scrolls
 d - a scroll of fog {unknown}
 i - 2 scrolls of remove curse {unknown}
 j - a scroll of identify {unknown}
 n - a scroll of enchant armour {unknown}
 u - 2 scrolls of random uselessness {unknown}
 y - a scroll of recharging {unknown}
Potions
 k - 2 potions of resistance
 t - a potion of cancellation
Books
 a - a book of Frost

   Spells                             Type                      Level
   a - Freeze                         Ice                          1
   b - Throw Frost                    Conjuration/Ice              2
   c - Ozocubu's Armour               Charms/Ice                   3
   d - Throw Icicle                   Conjuration/Ice              4
   e - Summon Ice Beast               Ice/Summoning                4
Comestibles
 b - a bread ration
 c - a beef jerky
 g - 5 fruits
 o - 2 slices of pizza
 x - a chunk of flesh


   Skills:
 - Level 1.7 Dodging
 - Level 1.7 Stealth
 + Level 3.0 Spellcasting
   Level 1.0 Conjurations
 * Level 4.5 Ice Magic


You had 5 spell levels left.
You knew the following spells:

 Your Spells              Type           Power        Failure   Level  Hunger
a - Freeze                Ice            ##..         4%          1    #......
b - Ozocubu's Armour      Chrm/Ice       #.......     30%         3    ###....


Dungeon Overview and Level Annotations

Branches:
Dungeon (4/15)
 Temple: D:4-7

Altars:
Dithmenos
Fedhas
The Shining One

Portals:
Sewer: D:4

Annotations:
D:4 Hyperalat's ghost, amateur GrWn


Innate Abilities, Weirdness & Mutations

Your plain brown scales are hard (AC +5).
Your body does not fit into most forms of armour.
You are cold-blooded and may be slowed by cold attacks.


Message History

Hyperalat's ghost is moderately damaged.
Hyperalat's ghost hits you.
* * * LOW HITPOINT WARNING * * *
You hit Hyperalat's ghost.
You tail-slap Hyperalat's ghost, but do no damage.
Hyperalat's ghost is moderately damaged.
Hyperalat's ghost hits you.
* * * LOW HITPOINT WARNING * * *
Hyperalat's ghost closely misses you.
Drink which item? (? for menu, Esc to quit)
Okay, then.
Casting: Ozocubu's Armour
Confirm with . or Enter, or press ? or * to list all spells.
Aiming: Freeze
Press: ? - help, Shift-Dir - straight line, f - Hyperalat's ghost
Aim: Hyperalat's ghost (moderately damaged)
You freeze Hyperalat's ghost.
Hyperalat's ghost is heavily damaged.
Hyperalat's ghost hits you!
You die...

####### ###.....#
........#########################
...?...†...s.slW@................
#####..####################.####
≈≈≈≈≈...# #.# ∩≈≈≈≈l..# #.#
≈≈≈≈≈.### #.# ###### #.# #.# #.#
#.#


You could see Hyperalat's ghost, a giant gecko and 2 giant cockroaches.

Vanquished Creatures
  2 adders
  2 worms (D:3)
  4 dart slugs
  2 giant geckos
  A ball python (D:2)
  5 giant cockroaches
  7 goblins
  7 hobgoblins
  2 quokkas (D:3)
  9 bats
  3 giant newts
  5 kobolds
  4 rats
53 creatures vanquished.

Notes
Turn   | Place    | Note
--------------------------------------------------------------
     0 | D:1      | zxpr0jk the Draconian Ice Elementalist began the quest for the Orb.
     0 | D:1      | Reached XP level 1. HP: 14/14 MP: 3/3
   366 | D:1      | Reached XP level 2. HP: 20/20 MP: 5/5
   763 | D:1      | Reached XP level 3. HP: 23/26 MP: 3/6
  1034 | D:2      | Found a blossoming altar of Fedhas.
  1394 | D:2      | You fall through a shaft!
  1415 | D:2      | Found a shadowy altar of Dithmenos.
  1422 | D:2      | Became a worshipper of Dithmenos the Shadowed
  1481 | D:2      | Reached skill level 4 in Ice Magic
  1495 | D:2      | Found a glowing golden altar of the Shining One.
  2097 | D:3      | Learned a level 3 spell: Ozocubu's Armour
  2315 | D:3      | Reached XP level 4. HP: 30/33 MP: 8/8
  2839 | D:4      | Noticed Hyperalat's ghost (amateur GrWn)
  2839 | D:4      | Found a glowing drain.
  2880 | D:4      | Mangled by Hyperalat's ghost

Vault maps used:
D:1:      elethiomel_arrival_maze, lemuel_another_geyser
D:2:      nicolae_tso_carved_into_rock, nicolae_overflow_crystal_walls,
          grunt_dithmenos_smoke
D:4:      first_bread, portal_sewer_entry_f

Skill      XL: |  1  2  3  4 |
---------------+-------------+-----
Ice Magic      | 4 |  4.5
Spellcasting   | 3 |  3.0
Dodging        | |  1.7
Stealth        | |  1.7
Conjurations   | |  1.0

Action                   |  1- 3 |  4- 6 || total
-------------------------+-------+-------++-------
Melee: Unarmed           |     6 |       ||     6
       Spear             |     2 |       ||     2
       Tailslap          |    11 |     4 ||    15
       Dagger            |     1 |       ||     1
       Falchion          |    76 |    44 ||   120
 Fire: Hunting sling     |    66 |       ||    66
 Cast: Freeze            |     9 |     5 ||    14
       Ozocubu's Armour  |       |     2 ||     2
  Use: Potion            |       |     6 ||     6
 Stab: Sleeping          |     5 |       ||     5
  Eat: Chunk             |     4 |     2 ||     6
Armor: Skin              |    37 |    14 ||    51
Dodge: Dodged            |    81 |    34 ||   115
